 Dungeon Crawl Stone Soup version 0.31.0-2-g5a2aebc5c2 (webtiles) character file.

Game seed: 17770683095758266189

28 himothy the Shield-Bearer (level 2, 0/29 HPs)
             Began as a Troll Fighter on Jan 20, 2024.
             Frozen to death by an endoplasm (5 damage)
             ... on level 2 of the Dungeon.
             The game lasted 00:01:56 (1003 turns).

himothy the Shield-Bearer (Troll Fighter)           Turns: 1003, Time: 00:01:57

Health: 0/29       AC:  4    Str: 23    XL:     2   Next: 96%
Magic:  1/1        EV:  8    Int:  4    God:
Gold:   100        SH:  8    Dex:  9    Spells: 1/1 levels left

rFire   . .          .
                       - Unarmed
rCold   . . .        b - +1 kite shield
rNeg    . . .        a - +0 robe
rPois   .            (helmet restricted)
rElec   .            (no cloak)
rCorr   .            (gloves unavailable)
SInv    .            (boots unavailable)
Will    .....        (no amulet)
Stlth   +            (no ring)
HPRegen 1.04/turn    (no ring)
MPRegen 0.07/turn

%: no passive effects
@: no status effects
A: large, unfitting armour, claws 3, regeneration 1, shaggy fur 1, tough skin 1
a: no special abilities


You were on level 2 of the Dungeon.
You visited 1 branch of the dungeon, and saw 2 of its levels.

You collected 100 gold pieces.

Inventory:

Armour
 a - a +0 robe (worn)
 b - a +1 kite shield (worn)
 e - an orb of energy
Jewellery
 g - an amulet of magic regeneration
Potions
 c - a potion of might
 d - a potion of heal wounds


   Skills:
 + Level 2.7 Fighting
 + Level 2.8 Dodging
 + Level 0.2 Stealth
 + Level 2.8 Shields
 + Level 2.2 Unarmed Combat


You had one spell level left.
You didn't know any spells.
Your spell library was empty.

Dungeon Overview and Level Annotations

Branches:
Dungeon (2/15)

Altars:


Innate Abilities, Weirdness & Mutations

You are too large for most types of armour.
You have claws for hands.
Your natural rate of healing is unusually fast.
You are covered in fur. (AC +1)
You have tough skin. (AC +1)


Message History

It is a scroll of identify.
d - a potion of heal wounds The dart slug launches a dart at you.
The slug dart hits you.
You scratch the dart slug.
Flame seeps out of the dart slug.
The dart slug is heavily wounded.
The dart slug bites you but does no damage.
You scratch the dart slug.
Flame seeps out of the dart slug.
The dart slug is severely wounded.
The dart slug launches a dart at you. You block the slug dart.
You scratch the dart slug.
The dart slug explodes!
The fiery explosion engulfs you!!
Ouch! That really hurt!
Found a potion of heal wounds.
An endoplasm comes into view.
Found a yellow potion and 6 gold pieces.
The endoplasm quivers.
The endoplasm jiggles.
The endoplasm hits you. The endoplasm freezes you.
You are frozen.
The endoplasm freezes you.
You are frozen.
The endoplasm barely misses you. The endoplasm freezes you.
You are frozen.
The endoplasm hits you but does no damage.
The endoplasm freezes you.
You are frozen.
* * * LOW HITPOINT WARNING * * *
The endoplasm hits you but does no damage.
The endoplasm freezes you.
You are frozen.
* * * LOW HITPOINT WARNING * * *
The endoplasm hits you.
* * * LOW HITPOINT WARNING * * *
The endoplasm freezes you.
You are frozen.
You die...

##### #####...#
........# ### .......)#
#.. .......## #.# ###
.......# #.#...#
.......#########§#...###
.......'.......§.§.....!
.......#########@.......
######## #J......$
#..!..... #........
#........ #........
#........ #........


You could see an endoplasm.

Vanquished Creatures
  2 dart slugs
  6 endoplasms (D:1)
  3 giant cockroaches (D:1)
  2 hobgoblins (D:1)
  A ball python (D:1)
  A bat (D:1)
  3 goblins
  2 kobolds (D:1)
  A rat (D:1)
21 creatures vanquished.

Notes
Turn   | Place    | Note
-------+----------+-------------------------------------------
     0 | D:1      | himothy the Troll Fighter began the quest for the Orb.
     0 | D:1      | Reached XP level 1. HP: 22/22 MP: 0/0
   176 | D:1      | Reached XP level 2. HP: 29/29 MP: 1/1
  1003 | D:2      | Frozen to death by an endoplasm

Illustrated notes

Levels and vault maps discovered:
D:1:      lemuel_arrival_room, layout_basic, chequers_serial_rivers_micro_b
D:2:      layout_basic, serial_shops, nicolae_shop_statue_plus, uniq_natasha

Action                     || total
---------------------------++-------
  Melee: Unarmed           ||    45
    Use: Scroll            ||     4
 Armour: Robe              ||    84
  Dodge: Dodged            ||    35
  Block: Kite shield       ||    52
